 Dungeon Crawl Stone Soup version 0.25.0-9-g26727b657a (webtiles) character file.

Game seed: 9307947836012161842

189 theswoord the Slasher (level 5, -7/38 HPs)
             Began as a Demonspawn Gladiator on June 16, 2020.
             Mangled by an orc warrior
             ... wielding a +0 short sword
              (16 damage)
             ... on level 3 of the Dungeon.
             The game lasted 00:02:32 (2965 turns).

theswoord the Slasher (Demonspawn Gladiator)        Turns: 2965, Time: 00:02:32

Health: -7/38      AC:  5    Str: 14 (15) XL:     5   Next: 40%
Magic:  5/5        EV: 12    Int:  9      God:
Gold:   104        SH:  0    Dex: 14 (15) Spells: 4/4 levels left

rFire    + . .     SeeInvis +   a - +0 long sword
rCold    . . .     Gourm    .   (no shield)
rNeg     . . .     Faith    .   b - +0 leather armour
rPois    .         Spirit   .   c - +0 helmet
rElec    .         Reflect  .   (no cloak)
rCorr    .         Harm     .   e - +0 pair of gloves
MR       .....                  (no boots)
Stlth    +.........             (no amulet)
HPRegen  0.12/turn              p - ring of see invisible
MPRegen  0.09/turn              (no ring)

@: hasted, very quick
A: fire resistance 1
a: no special abilities


You were on level 3 of the Dungeon.
You were not hungry.

You visited 1 branch of the dungeon, and saw 3 of its levels.

You collected 104 gold pieces.

Inventory:

Hand Weapons
 a - a +0 long sword (weapon)
Missiles
 d - 3 throwing nets (quivered)
Armour
 b - a +0 leather armour (worn)
 c - a +0 helmet (worn)
 e - a +0 pair of gloves (worn)
Jewellery
 p - a ring of see invisible (left hand)
 v - a cursed ring of attention {unknown}
Scrolls
 i - 5 scrolls of remove curse {unknown}
 k - a scroll of fog {unknown}
 n - 2 scrolls of fear {unknown}
 t - a scroll of enchant armour {unknown}
 u - 2 scrolls of amnesia {unknown}
 w - a scroll of teleportation {unknown}
 x - 2 scrolls of identify {unknown}
Potions
 j - a potion of flight
 l - a potion of curing {unknown}
 m - a potion of heal wounds
 r - a potion of cancellation {unknown}
 s - a potion of resistance {unknown}
Comestibles
 f - 9 rations
 o - 2 chunks of flesh


   Skills:
 - Level 2.0 Fighting
 + Level 5.6 Long Blades
 - Level 1.7 Throwing
 - Level 2.6 Dodging


You had 4 spell levels left.
You didn't know any spells.
Your spell library was empty.

Dungeon Overview and Level Annotations

Branches:
Dungeon (3/15)

Altars:
Fedhas
Ru


Innate Abilities, Weirdness & Mutations

Your flesh is heat resistant. (rF+)


Message History

The orc is heavily wounded.
The orc hits you with a cursed -3 mace.
The orc warrior hits you with a +0 short sword!!
* * * LOW HITPOINT WARNING * * *
You hit the orc.
The orc is heavily wounded.
The orc wizard casts a cantrip, but nothing happens.
You slash the orc!
You kill the orc!
The orc warrior hits you with a +0 short sword!
* * * LOW HITPOINT WARNING * * *
You hit the orc warrior.
The orc warrior is moderately wounded.
You hit the orc warrior but do no damage.
The orc warrior is moderately wounded.
The orc warrior completely misses you.
You closely miss the orc warrior.
The orc warrior is moderately wounded.
The orc warrior hits you with a +0 short sword!
You die...

###..####..........<#
#........#.#......#.#
########
#.#..###.#.##.##....###
.......# #.#..#
#.#.##.##....... ######.#
#.#..# #.#.##.###..####
####.####.#..#
#.#.##..........
#.).(...(.#..#
#..........#####
#........##.o#####.######.#
#..#.###....oo@)...# #.#
#..#.###....o#####.# #.#
#..#...............# #.#
#........###.#####.# #.#
##.#####.###.## ##.## #.#
#.# #.##...###...#####.#
#.# #..................#
#># #.##...###...#####.# #
#.# #.###.## ##.## #.#####


You could see an orc warrior, 2 orc wizards and an orc.

Vanquished Creatures
  A phantom (D:3)
  3 adders (D:2)
  4 worms
  2 dart slugs (D:1)
  An orc (D:3)
  8 bats
  5 giant cockroaches
  9 goblins
  2 hobgoblins
  7 quokkas
  2 frilled lizards
  9 kobolds
  6 rats
59 creatures vanquished.

Notes
Turn   | Place    | Note
-------+----------+-------------------------------------------
     0 | D:1      | theswoord the Demonspawn Gladiator began the quest for the
                  | Orb.
     0 | D:1      | Reached XP level 1. HP: 16/16 MP: 1/1
   121 | D:1      | Reached skill level 3 in Long Blades
   306 | D:1      | Gained mutation: Your flesh is heat resistant. (rF+)
                  | [demonic ancestry]
   306 | D:1      | Reached XP level 2. HP: 13/22 MP: 2/2
  1082 | D:2      | Reached XP level 3. HP: 9/27 MP: 3/3
  1404 | D:2      | Reached skill level 4 in Long Blades
  1783 | D:2      | Found a blossoming altar of Fedhas.
  1786 | D:2      | Reached XP level 4. HP: 33/33 MP: 4/4
  1860 | D:2      | Found a sacrificial altar of Ru.
  2693 | D:3      | Noticed a phantom
  2728 | D:3      | Killed a phantom
  2728 | D:3      | Reached skill level 5 in Long Blades
  2728 | D:3      | Reached XP level 5. HP: 27/38 MP: 5/5
  2951 | D:3      | Noticed an orc warrior
  2965 | D:3      | Mangled by an orc warrior

Skill      XL: |  1  2  3  4 |
---------------+-------------+-----
Long Blades    | 3 4 5 |  5.6
Fighting       | |  2.0
Throwing       | |  1.7
Dodging        | |  2.6

Action                   |  1- 3 |  4- 6 || total
-------------------------+-------+-------++-------
Melee: Long sword        |    96 |    92 ||   188
  Use: Potion            |       |     6 ||     6
 Stab: Sleeping          |     2 |     1 ||     3
  Eat: Chunk             |     3 |     4 ||     7
Armor: Leather armour    |    32 |    18 ||    50
Dodge: Dodged            |    63 |    54 ||   117
       Rpst.: Long sword |    22 |    13 ||    35

Levels and vault maps discovered:
D:1:      mrwooster_arrival_statue, layout_basic, serial_curves, eino_curves_03,
          eino_curves_03, eino_curves_02
D:2:      wad_river_or_something, layout_basic, fedhas_altar_1,
          nrook_mini_vaults, nicolae_ru_the_path_less_chosen
D:3:      layout_loops_ring, first_ration
